Cogmind - Beta 13 @@@ ROGUE MODE // 2024.03.22 @ 12:38:54 Player: Lilith Result: Self-destructed Performance ------------- Evolutions (2) 1000 Regions Visited (5) 1000 Robots Destroyed (23) 115 Value Destroyed (589) 589 Prototype IDs (3) 60 Alien Tech Used (0) 0 Bonus (339) 339 TOTAL SCORE: 3103 Bonus ------- Follower Combat Kills 39 Aligned with FarCom 300 Cogmind --------- Core Integrity 254/550 Matter 300/300 Energy 27/100 System Corruption 2% Temperature Cool (9) Movement Core (150) Ox2 Location -8/Materials Parts ------- > --- POWER (1) -------- (None) > --- PROPULSION (4) --- (None) > --- UTILITY (4) ------ Small Storage Unit Improved Terrain Scanner Trap Reconfigurator (fused) > --- WEAPON (2) ------- (None) > --- INVENTORY (8) ---- Light Nuclear Core Experimental Sensor Array Light Assault Rifle Shotgun Peak State ------------ > --- POWER ------------ Light Ion Engine > --- PROPULSION ------- Improved Hover Unit Improved Hover Unit > --- UTILITY ---------- Small Storage Unit Experimental Sensor Array Improved Terrain Scanner Trap Reconfigurator > --- WEAPON ----------- Particle Cannon Scythe > --- INVENTORY -------- Light Nuclear Core Light Assault Rifle Shotgun Stasis Trap [Rating: 32] Favorites ----------- Power Light Ion Engine Engine Light Ion Engine Propulsion Improved Hover Unit Leg Aluminum Leg Hover Unit Improved Hover Unit Utility Signal Interpreter Device Sensor Array Storage Small Storage Unit Processor Signal Interpreter Weapon Particle Cannon Energy Gun Medium Laser Energy Cannon Particle Cannon Ballistic Gun Light Assault Rifle Slashing Weapon Scythe Build | -11 -10 -10 -10 -9 -8 ------- Run | Yrd Mat Min Exi Min Mat Slots Evolved 4 | . . . . . 4 Power . | . . . . . . Propulsion 2 | . . . . . 2 Utility 2 | . . . . . 2 Weapon . | . . . . . . Parts Attached 22 | 6 6 1 4 . 5 Power 1 | 1 . . . . . Engine 1 | 1 . . . . . Core . | . . . . . . Reactor . | . . . . . . Propulsion 7 | 2 3 1 . . 1 Treads . | . . . . . . Leg 2 | 2 . . . . . Wheel . | . . . . . . Hover 5 | . 3 1 . . 1 Flight . | . . . . . . Utility 10 | 1 2 . 4 . 3 Device 7 | . 1 . 4 . 2 Storage 2 | 1 . . . . 1 Processor 1 | . 1 . . . . Hackware . | . . . . . . Protection . | . . . . . . Artifact . | . . . . . . Weapon 4 | 2 1 . . . 1 Energy Gun 1 | 1 . . . . . Energy Cannon 1 | . 1 . . . . Ballistic Gun 1 | 1 . . . . . Ballistic Cannon . | . . . . . . Launcher . | . . . . . . Special Weapon . | . . . . . . Impact Weapon . | . . . . . . Slashing Weapon 1 | . . . . . 1 Piercing Weapon . | . . . . . . Special Melee Weapon . | . . . . . . Unidentified Prototypes 3 | . . . 3 . . Parts Lost 9 | . 1 1 . . 7 Power 1 | . . . . . 1 Propulsion 5 | . 1 1 . . 3 Utility 1 | . . . . . 1 Weapon 2 | . . . . . 2 Highest Loss Streak 7 | . 1 1 . . 7 To Critical Strikes . | . . . . . . Average Slot Usage (%) 93 | . 97 99 99 100 75 Engine 12 | . 14 14 14 14 8 Leg 1 | . 4 . . . . Hover 24 | . 22 27 28 28 18 Device 18 | . 12 14 23 28 22 Storage 2 | . 1 . . . 9 Processor 7 | . 12 14 4 . . Energy Gun 1 | . 4 . . . . Energy Cannon 11 | . 9 14 14 14 8 Ballistic Gun 11 | . 14 14 14 14 3 Slashing Weapon 1 | . . . . . 5 Naked Turns . | . . . . . . Heaviest Build 21 | 11 11 9 10 10 21 Greatest Support 22 | 20 20 14 14 14 22 Greatest Overweight (x) 1 | . 1 1 . . 1 Average Overweight (x) . | . . . . . . Largest Inventory Capacity 8 | 8 8 5 5 5 8 Average Capacity 5 | 6 5 5 5 5 8 Most Carried 5 | 1 4 5 5 4 5 Average Carried 3 | . 2 3 4 4 3 Final Capacity 8 | 8 5 5 5 5 8 Final Carried 5 | . 3 5 4 4 4 Class Distribution -------------------- 70% | Mutant 11% | Scout 9% | Assassin 8% | Skirmisher Dominant Class ---------------- Mutant | -10/Materials Mutant | -10/Mines Mutant | -10/Exiles Scout | -9/Mines Assassin | -8/Materials Resources | -11 -10 -10 -10 -9 -8 ----------- Run | Yrd Mat Min Exi Min Mat Matter Collected 497 | 39 329 23 . 48 58 Remotely . | . . . . . . Salvage Created 647 | . 302 97 . . 248 Parts 49 | . 21 9 . . 19 Haulers Intercepted 1 | . 1 . . . . Recyclers Shooed . | . . . . . . Parts Field Recycled . | . . . . . . Retrieved Matter . | . . . . . . Parts Self-Destructed . | . . . . . . Prevented . | . . . . . . Kills | -11 -10 -10 -10 -9 -8 ------- Run | Yrd Mat Min Exi Min Mat Combat Hostiles Destroyed 18 | . 4 5 . 1 8 Melee 7 | . . . . . 7 Guns 1 | . 1 . . . . Cannons 10 | . 3 5 . 1 1 Classes Destroyed 7 | . 4 1 . 1 1 Hauler 1 | . 1 . . . . Operator 2 | . 2 . . . . Watcher 2 | . 2 . . . . Swarmer 8 | . . 4 . . 4 Grunt 7 | . 4 1 . . 2 Sentry 2 | . . . . . 2 Demolisher 1 | . . . . 1 . Best Kill Streak 4 | . 2 3 . 1 4 Combat Bots Only 4 | . 2 3 . 1 4 Max Kills in Single Turn 1 | . 1 1 . 1 1 Gunslinging . | . . . . . . Exploded . | . . . . . . Melee 1 | . . . . . 1 Uniques/NPCs Destroyed . | . . . . . . Combat | -11 -10 -10 -10 -9 -8 -------- Run | Yrd Mat Min Exi Min Mat Hostile Shots Fired 112 | . 18 17 . . 77 Missed 31 | . 1 6 . . 24 Damage Taken 1076 | . 221 114 . . 741 Core 382 | . 51 35 . . 296 Absorbed by Shields 4 | . . . . . 4 Core Remaining (%) 82 | 100 . . . 65 . Volleys Fired 62 | . 41 14 . 1 6 Largest 2 | . 2 2 . 2 2 Hottest 88 | . 88 88 . 88 88 Shots Fired 123 | . 82 28 . 2 11 Gun 71 | . 51 14 . 1 5 Cannon 52 | . 31 14 . 1 6 Launcher . | . . . . . . Special . | . . . . . . Kinetic 61 | . 41 14 . 1 5 Thermal 62 | . 41 14 . 1 6 Explosive . | . . . . . . Electromagnetic . | . . . . . . Robot Hit Streak 6 | . 6 3 . 2 4 Robot Miss Streak 4 | . 4 2 . . 3 Penetration Max . | . . . . . . Secondary Targets . | . . . . . . Shots Hit Robots 76 | . 44 13 . 1 18 Core Hits 30 | . 15 6 . 1 8 Critical Kills . | . . . . . . Critical Parts Destroyed 1 | . 1 . . . . Critical Strikes 2 | . 2 . . . . Burn 1 | . 1 . . . . Destroy 1 | . 1 . . . . Melee Attacks 16 | . . . . . 16 Impact . | . . . . . . Slashing 16 | . . . . . 16 Piercing . | . . . . . . Sneak Attacks . | . . . . . . Combat Hostiles . | . . . . . . Follow-up Attacks . | . . . . . . Damage Inflicted 1340 | . 646 192 . 20 482 Guns 293 | . 221 49 . . 23 Cannons 617 | . 413 143 . 20 41 Explosions . | . . . . . . Melee 418 | . . . . . 418 Ramming 12 | . 12 . . . . Kinetic 219 | . 147 49 . . 23 Thermal 691 | . 487 143 . 20 41 Explosive . | . . . . . . Electromagnetic . | . . . . . . Impact . | . . . . . . Slashing 418 | . . . . . 418 Piercing . | . . . . . . Highest Corruption 3 | . 3 3 3 3 2 Average Corruption 2 | . 2 3 3 3 2 Corruption Purged . | . . . . . . Corruption Blocked . | . . . . . . Effects 20 | . 4 6 3 2 5 Message Errors 7 | . 1 3 . . 3 Matter Fused 3 | . 2 . 1 . . Energy Discharges 3 | . . 2 1 . . Parts Fused 1 | . . . . . 1 Data Loss (minor) 2 | . . . 1 1 . Data Loss (major) 1 | . . 1 . . . Alerts 3 | . 1 . . 1 1 Overload Shots . | . . . . . . Overflow Damage 31 | . 20 . . . 11 Projectiles 20 | . 20 . . . . Explosions . | . . . . . . Melee 11 | . . . . . 11 Knockbacks . | . . . . . . Impact . | . . . . . . Kinetic . | . . . . . . Secondary . | . . . . . . Self-Inflicted Damage 6 | . 6 . . . . Shots . | . . . . . . Rammed 1 | . 1 . . . . Targets Rammed 1 | . 1 . . . . Kicked . | . . . . . . Crushed . | . . . . . . Highest Temperature 311 | . 311 260 . 52 105 Average Temperature 97 | . 108 88 . 28 36 Received Heat Transfer 435 | . 117 30 . . 288 Effects 4 | . 1 3 . . . Energy Bleed 1 | . 1 . . . . Interference 3 | . . 3 . . . Siege Activations . | . . . . . . Robots Corrupted . | . . . . . . Combat Hostiles . | . . . . . . Parts Fried . | . . . . . . Impact Corruptions . | . . . . . . Robots Melted . | . . . . . . Combat Hostiles . | . . . . . . Parts Melted 4 | . 3 1 . . . Heat Transferred 1406 | . 1036 259 . 37 74 Parts Sabotaged . | . . . . . . Parts Stolen . | . . . . . . Parts Stripped . | . . . . . . Power Chain Reactions . | . . . . . . Alert | -11 -10 -10 -10 -9 -8 ------- Run | Yrd Mat Min Exi Min Mat Peak Influence 351 | . 214 230 . 30 351 Initial 11 | . . 10 . . 11 Average 97 | . 89 102 . 12 140 Maximum Alert Level 1 | . 1 1 . . 1 Low Security (%) 86 | 100 89 88 . 100 75 Level 1 13 | . 10 11 . . 24 Level 2 . | . . . . . . Level 3 . | . . . . . . Level 4 . | . . . . . . Level 5 . | . . . . . . High Security . | . . . . . . Max Security . | . . . . . . Squads Dispatched 4 | . 2 . . . 2 Investigation 1 | . 1 . . . . Extermination . | . . . . . . Reinforcement 3 | . 1 . . . 2 Assault . | . . . . . . Garrison . | . . . . . . Intercept . | . . . . . . Searches Triggered . | . . . . . . Construction Impeded . | . . . . . . Haulers Reinforced . | . . . . . . Active Scanning Responses . | . . . . . . Cargo Convoy Interrupts . | . . . . . . Stealth | -11 -10 -10 -10 -9 -8 --------- Run | Yrd Mat Min Exi Min Mat Distress Signals 1 | . 1 . . . . Communications Jammed . | . . . . . . Distress Signals . | . . . . . . Times Spotted 41 | . 11 11 . . 19 Peak Tracking Total 6 | . 2 3 . . 6 Tactical Retreats 3 | . . 1 . . 2 Traps | -11 -10 -10 -10 -9 -8 ------- Run | Yrd Mat Min Exi Min Mat Traps Triggered 3 | . 2 . . . 1 Indirectly . | . . . . . . Trap Hack Attempts . | . . . . . . Triggered . | . . . . . . Disarmed . | . . . . . . Reprogrammed . | . . . . . . Reused . | . . . . . . Traps Reconfigurated 2 | . . . . . 2 Traps Extracted . | . . . . . . Installed . | . . . . . . Triggered . | . . . . . . Most Traps Carried 1 | . . 1 1 1 1 Machines | -11 -10 -10 -10 -9 -8 ---------- Run | Yrd Mat Min Exi Min Mat Machines Disabled 1 | . 1 . . . . Max in Single Turn 1 | . 1 . . . . Machines Repaired . | . . . . . . Machines Dismantled . | . . . . . . Machines Sabotaged . | . . . . . . Overloaded Fab Kills . | . . . . . . Hacking | -11 -10 -10 -10 -9 -8 --------- Run | Yrd Mat Min Exi Min Mat Machines Accessed 14 | . 8 . 4 . 2 Terminals 9 | . 7 . . . 2 Fabricators . | . . . . . . Repair Stations . | . . . . . . Recycling Units 1 | . 1 . . . . Scanalyzers . | . . . . . . Garrison Access . | . . . . . . Total Hacks 74 | . 21 . 49 . 4 Successful 59 | . 8 . 49 . 2 Failed 15 | . 13 . . . 2 Catastrophic 1 | . 1 . . . . Database Lockouts . | . . . . . . Manual 23 | . 18 . 1 . 4 Terminals 22 | . 18 . . . 4 Fabricators . | . . . . . . Repair Stations . | . . . . . . Recycling Units 3 | . 3 . . . . Scanalyzers . | . . . . . . Garrison Access . | . . . . . . Terminal Hacks 50 | . 1 . 49 . . Record 49 | . . . 49 . . Branch Access Points 1 | . 1 . . . . Fabricator Hacks . | . . . . . . Repair Station Hacks . | . . . . . . Recycling Unit Hacks 3 | . 3 . . . . Retrieve Matter 3 | . 3 . . . . Scanalyzer . | . . . . . . Garrison Access Hacks . | . . . . . . Unauthorized Hacks 6 | . 4 . . . 2 Terminals 6 | . 4 . . . 2 Botnet 5 | . 3 . . . 2 Operators 1 | . 1 . . . . Fabricators . | . . . . . . Repair Stations . | . . . . . . Recycling Units . | . . . . . . Scanalyzers . | . . . . . . Garrison Access . | . . . . . . Data Cores Recovered 1 | . 1 . . . . Used 1 | . 1 . . . . Hacking Detections 9 | . 8 . . . 1 Full Trace Events 3 | . 3 . . . . Feedback Events . | . . . . . . Feedback Blocked . | . . . . . . Robot Schematics Acquired . | . . . . . . Robots Built . | . . . . . . Authchips . | . . . . . . Time . | . . . . . . Total Robot Build Rating . | . . . . . . Part Schematics Acquired . | . . . . . . Parts Built . | . . . . . . Authchips . | . . . . . . Time . | . . . . . . Total Part Build Rating . | . . . . . . Parts Repaired . | . . . . . . Time . | . . . . . . Parts Recycled . | . . . . . . Recycled Matter . | . . . . . . Retrieved Matter . | . . . . . . Retrieved Components . | . . . . . . Parts Scanalyzed . | . . . . . . Part Schematics Acquired . | . . . . . . Parts Damaged . | . . . . . . Bothacking | -11 -10 -10 -10 -9 -8 ------------ Run | Yrd Mat Min Exi Min Mat Used RIF Installer . | . . . . . . Robots Hacked . | . . . . . . Non-combat . | . . . . . . Combat . | . . . . . . Robot Hacks Applied . | . . . . . . Relay Couplers Released . | . . . . . . Fabnet Peak Effective % . | . . . . . . Robots Rewired . | . . . . . . Allies Hacked . | . . . . . . Hacks Repelled . | . . . . . . Allies | -11 -10 -10 -10 -9 -8 -------- Run | Yrd Mat Min Exi Min Mat Total Allies 1 | . . 1 . . . Largest Group 1 | . . 1 . . . Highest-Rated Group 31 | . . 31 . . . Highest-Rated Ally 31 | . . 31 . . . Total Orders . | . . . . . . Ally Attacks 19 | . . 19 . . . Total Damage 296 | . . 296 . . . Kills 4 | . . 4 . . . Allies Corrupted . | . . . . . . Allies Melted . | . . . . . . Intel | -11 -10 -10 -10 -9 -8 ------- Run | Yrd Mat Min Exi Min Mat Robot Analysis Total . | . . . . . . Derelict Logs Recovered 3 | . . 2 . 1 . Drone Launches . | . . . . . . Drone Recoveries . | . . . . . . Exploration | -11 -10 -10 -10 -9 -8 ------------- Run | Yrd Mat Min Exi Min Mat Turns Passed 1733 | 42 509 400 266 123 393 Spaces Moved 2042 | 28 589 460 459 214 292 Core 4 | 4 . . . . . Treads . | . . . . . . Legs 81 | 24 57 . . . . Wheels . | . . . . . . Hover 1957 | . 532 460 459 214 292 Flight . | . . . . . . Fastest Speed 50 | 50 56 56 56 56 52 Average Speed 64 | 110 62 56 56 56 95 Slowest Speed 120 | 120 120 120 56 56 116 Overloaded Moves . | . . . . . . Propulsion Burnouts . | . . . . . . Robots Hopped . | . . . . . . Cave-ins Triggered . | . . . . . . Exploration Rate (%) 60 | 3 85 91 92 60 34 Regions Visited 5 Branch Regions 3 Pre-discovered Areas 3 | . . 1 1 1 . Known Exits Taken 2 | . 1 1 . . . Unknown Exits Taken 3 | 1 . . 1 1 . Scrap Searched 2 | . . . . 2 . Spaces Dug . | . . . . . . Terrain Destroyed . | . . . . . . Melee . | . . . . . . Projectile . | . . . . . . AOE . | . . . . . . Terrain Rammed . | . . . . . . Walls Destroyed . | . . . . . . Machines Disabled . | . . . . . . Actions | -11 -10 -10 -10 -9 -8 --------- Run | Yrd Mat Min Exi Min Mat Total 2324 | 39 655 574 469 214 373 Wait 152 | . 7 97 . . 48 Move 2037 | 27 588 459 458 213 292 Hop . | . . . . . . Pick Up 24 | 6 8 3 3 . 4 Fast Attach . | . . . . . . Attach 18 | 6 4 1 3 . 4 Detach 2 | . 1 . . . 1 Swap 4 | . 2 . 1 . 1 Drop 8 | . 3 . 4 . 1 Fire 62 | . 41 14 . 1 6 Melee 16 | . . . . . 16 Ram 1 | . 1 . . . . Kick . | . . . . . . Crush . | . . . . . . Escape Stasis . | . . . . . . Rewire . | . . . . . . Trap . | . . . . . . Miscellaneous . | . . . . . . Route ------- -11/Scrapyard -10/Materials (discovered 4 exits: *Mat x3 / *Min) -10/Mines (discovered 3 exits: *Mat x2 / *Exi) -10/Exiles -9/Mines -8/Materials History --------- Turn | Location | Event 15 | -11/Scrapyard | Discovered new exit (range 15) 43 | -11/Scrapyard | Entered Materials 181 | -10/Materials | Discovered new exit (range 13) 275 | -10/Materials | Discovered new exit (range 8) 305 | -10/Materials | Build established: Mutant 340 | -10/Materials | Discovered new exit (range 11) 433 | -10/Materials | Discovered new exit (range 10) 443 | -10/Materials | Identified exit to Mines 552 | -10/Materials | Entered Mines 630 | -10/Mines | Discovered new exit (range 9) 635 | -10/Mines | Identified exit to Materials 655 | -10/Mines | Found a damaged Exp. Sensor Array with a note attached 656 | -10/Mines | Found Prototype Device 700 | -10/Mines | Escorted by a lone wolf Derelict 720 | -10/Mines | Learned location of Storage (-9) 789 | -10/Mines | Learned Materials emergency access door positions 828 | -10/Mines | Found a hidden stash of uninstalled traps 895 | -10/Mines | Discovered exit to Materials (range 6) 950 | -10/Mines | Deemed a non-threat by the Exiles lab entrance 950 | -10/Mines | Discovered new exit (range 5) 952 | -10/Mines | Identified exit to Exiles 952 | -10/Mines | Entered Exiles 967 | -10/Exiles | Met 8R-AWN 976 | -10/Exiles | Met EX-HEX 995 | -10/Exiles | Met EX-BIN 1004 | -10/Exiles | Aligned with FarCom system 1005 | -10/Exiles | Given EX-Vault access code 1030 | -10/Exiles | Opened EX-Vault 1033 | -10/Exiles | Identified Exp. Sensor Array 1035 | -10/Exiles | Found Prototype Device 1036 | -10/Exiles | Identified Trap Reconfigurator 1039 | -10/Exiles | Found Prototype Device 1040 | -10/Exiles | Identified Skeleton Box 1056 | -10/Exiles | Warned to stay clear of 0b10 Research branches 1072 | -10/Exiles | Met EX-DEC 1074 | -10/Exiles | Learned location of Zion (-6) 1129 | -10/Exiles | Visited The Gauntlet 1211 | -10/Exiles | Discovered new exit (range 14) 1218 | -10/Exiles | Left Exiles lab with Trap Reconfigurator 1218 | -10/Exiles | Entered Mines 1235 | -9/Mines | Assembled infested the area 1240 | -9/Mines | Assisted by a Guerilla fighting off Assembled 1335 | -9/Mines | Discovered new exit (range 12) 1341 | -9/Mines | Entered Materials 1341 | -8/Materials | Evolved 4 slots: Propulsion x2, Utility x2 1733 | -8/Materials | Core integrity fell below 50% 1734 | -8/Materials | Self-destructed Last Messages --------------- 01689_ R-06 Scavenger collects Lgt. Armor Plating. 01690_ K-01 Serf cleans the Matter Pump. 01693_ R-06 Scavenger collects Lgt. Treads. 01693_ K-01 Serf cleans the Matter Pump. 01696_ R-06 Scavenger collects Beam Rifle. 01696_ Lgt. Ion Engine destroyed. 01696_ K-01 Serf cleans the Matter Pump. 01699_ Airjet destroyed. 01701_ K-01 Serf cleans the Matter Pump. 01702_ Imp. Hover Unit destroyed. 01704_ K-01 Serf cleans the Matter Pump. 01710_ Particle Cannon destroyed. 01711_ Imp. Hover Unit destroyed. 01715_ K-01 Serf cleans the Matter Pump. 01717_ Hardlight Generator destroyed. 01718_ K-01 Serf cleans the Matter Pump. 01723_ Critical hit (Burn: +37). 01724_ K-01 Serf cleans the Matter Pump. 01729_ Scythe destroyed. 01730_ K-01 Serf cleans the Matter Pump. Map ----- +----------------------------------------------------+ | ?????????????????????????????????????????????????? | | ?????????????????????????????????????????????????? | | ?????????????????????????????????????????????????? | | ?????????????????????????????????????????????????? | | ?????????????????????????????????????????????????? | | ?????????????????????????????????????????????????? | | ?????????????????????????????????????????????????? | | ?????????????????????????????????????????????????? | | ?????????????????????????????????????????????????? | | ?????????????????????????????????????????????????? | | ????????????????????????? ?????????????????????? | | ????????????????????????? ?????????????????????? | | ????????????????? ?????? ?????????????????????? | | ??????????????????????? ? ????????????????????? | | ????????????????????????" ""????????????????????? | | ???????????????? """??"?" ""????????????????????? | | ???????????????? """ ???" ""????""??????????????? | | ???????????????? ?? ??????????????? | | ????????????????? k k ??????????????? | | ??????????????? """ """ """ """??????????????? | | ????????????""" """ """ """ """ ??????????? | | ????????????""" """ """ """ """ ?????????? | | ???????????? ? a ?????????? | | ???????????? ???? / #??????????? | | ????????????????????# #??????????? | | ????????????????????# @ #??????????? | | ????????????????????# Y #??????????? | | ????????????????????#### m +????????? | | ???????????????????????#a###############?????????? | | ???????????"???????????#g#????#= #?????????????? | | ???????????????? ????###h###??# #????#????????? | | ?????????????????????# #??# #?????????????? | | ?????????????????????# #### #???????##+##?? | | ????????????? ??????## g + #???????# ?? | | ??????????????????? ?# ####"" #???????# #?? | | ?????????????????????# #??#"T # ?? ???# #?? | | ?????????????????????##r ##?##"" # ???"? + #?? | | ??????????????????????# #?#?# *#???????# #?? | | ??????????????????????# #???######???????# #?? | | ???????????############ #??#?????????????# ### | | ???????????# + [% [ #??????#?????????# # | | ???????????#[= ####### #????????#???????# # | | ???????????#[= #?????# #????????????????# # | | ???????????#[ #?????# #????????????????# + ! | | ???????????# #?????# #?#??????????????# # | | ???????????# #?????# #????????????????# # | | ?+######+######+######### ################## ### | | #?? | | =[ #?? | | %%= #?? | +----------------------------------------------------+ Best States ------------- Heat Dissipation 31 Energy Generation 10 Energy Capacity 125 Matter Stores 300 Matter Capacity 300 Sight Range 16 Robot Scan Range 20 Terrain Scan Range 16 Terrain Scan Density 10 Evasion (%) 55 Item Schematics ----------------- None Robot Schematics ------------------ None Fabricated ------------ Nothing Alien Tech Used ----------------- None Achievements -------------- None Challenges ------------ None Game ------ Seed HugeDeuteriumRailgun Manual? 0 Play Time 00:30:30 Cumulative 31.9 hours Start 2024.03.22 @ 12:05:46 End 2024.03.22 @ 12:38:54 Sessions 1 Manual Loads 0 Difficulty Rogue Special Mode None Game No. 15 Rogue 1 Adventurer 3 Explorer 11 Win Type - Total 2 Types 2/0/0/0/0/0/0/0/0 Lore% 28 Gallery% 41 Achievement% 41 Wizard Run 0 Options --------- Layout 0 ASCII 0 Keyboard 0 Movement Mouse Keybinds 0 Fullscreen 1 Font 18/X11Bold Map View 76x50 Zoom Use 0% Tactical HUD 1 Map Filters NONE Filters NONE Steam 1 RUN: 4520c8c0-69a8-43a0-972c-04411aca4ebd